UNITED STATES PREMIER LEAGUE
DETROIT REAPERS VS LEXINGTON BC
06/19/2014
 
TOP OF THE 1ST
Lexington BC batting - Pitching for Detroit Reapers : RHP Luis Ríos
Pitching: RHP Luis Ríos
Batting: RHB Ed Anderson 0-0: Ball
1-0: Foul Ball, location: 2F
1-1: Foul Ball, location: 2F
1-2: DOUBLE (Line Drive, 7LM)
Batting: RHB Brian O'Brian 0-0: Ball
1-0: Ball
2-0: Ball
3-0: Called Strike
3-1: Ground out 6-3 (Groundball, 6)
Batting: RHB Júlio Gruzmán 0-0: Ball
1-0: Called Strike
1-1: Ball
2-1: Swinging Strike
2-2: Foul Ball, location: 2F
2-2: SINGLE (Line Drive, 56)
Ed Anderson to third
Batting: LHB Jerry Harris 0-0: Swinging Strike
0-1: Called Strike
0-2: Fielders Choice at 2nd, 4-6 (Groundball, 34)
Ed Anderson scores
Batting: RHB Curt Phillips 0-0: Ball
1-0: Ball
2-0: Fielders Choice at 2nd, 5-4 (Groundball, 56)
Top of the 1st over - 1 run(s), 2 hit(s), 0 error(s), 1 left on base; Lexington 1 - Detroit 0
BOTTOM OF THE 1ST
Detroit Reapers batting - Pitching for Lexington BC : LHP Tim Powell
Pitching: LHP Tim Powell
Batting: RHB Bubba Papandreou 0-0: Foul Ball, location: 2F
0-1: Ball
1-1: Swinging Strike
1-2: Fly out, F9 (Flyball, 89M)
Batting: RHB Duncan Thomas 0-0: Ball
1-0: Called Strike
1-1: Foul Ball, location: 2F
1-2: Ball
2-2: Ball
3-2: SOLO HOME RUN (Flyball, 78XD), Distance : 418 ft
Batting: RHB Rob House 0-0: Fly out, F8 (Flyball, 8LM)
Batting: RHB Eduardo Alvarado 0-0: SOLO HOME RUN (Flyball, 7D), Distance : 376 ft
Batting: RHB Bernalldo Bessa 0-0: Ball
1-0: Called Strike
1-1: Foul Ball, location: 2F
1-2: Fly out, F9 (Popup, 89S)
Bottom of the 1st over - 2 run(s), 2 hit(s), 0 error(s), 0 left on base; Lexington 1 - Detroit 2
TOP OF THE 2ND
Lexington BC batting - Pitching for Detroit Reapers : RHP Luis Ríos
Batting: RHB Enrique Pérez 0-0: Ball
1-0: Ball
2-0: SINGLE (Line Drive, 56D)
Batting: RHB Lockwood Rose 0-0: Ball
1-0: Foul Ball, location: 2F
1-1: Fly out, F9 (Flyball, 9LD)
Batting: RHB Blaine Bell 0-0: Ball
1-0: Foul Ball, location: 2F
1-1: Ball
2-1: Foul Ball, location: 2F
2-2: Ball
3-2: Base on Balls
Enrique Pérez to second
Batting: RHB Tim Powell 0-0: Sac Bunt - play at third, runner OUT! 1-5
Blaine Bell to second
Batting: RHB Ed Anderson 0-0: Called Strike
0-1: Called Strike
0-2: Foul Ball, location: 2F
0-2: Foul Ball, location: 2F
0-2: Foul Ball, location: 2F
0-2: Ball
1-2: SINGLE (Groundball, 56D)
Blaine Bell to third
Tim Powell to second
Runner from 3rd tries for Home, SAFE, no throw or cutoff
Batting: RHB Brian O'Brian 0-0: Ball
1-0: Called Strike
1-1: Foul Ball, location: 2F
1-2: Foul Ball, location: 2F
1-2: Foul Ball, location: 2F
1-2: Foul Ball, location: 2F
1-2: Ball
2-2: Ball
3-2: Fly out, F9 (Flyball, 9M)
Top of the 2nd over - 1 run(s), 2 hit(s), 0 error(s), 2 left on base; Lexington 2 - Detroit 2
BOTTOM OF THE 2ND
Detroit Reapers batting - Pitching for Lexington BC : LHP Tim Powell
Batting: RHB Gerald Shaw 0-0: Swinging Strike
0-1: Ground out 4-3 (Groundball, 4)
Batting: RHB Nick Simmons 0-0: Called Strike
0-1: Swinging Strike
0-2: Ball
1-2: Ball
2-2: Ground out 6-3 (Groundball, 6M)
Batting: RHB Ilusuarte Viamonte 0-0: Ball
1-0: Fly out, F3 (Popup, 34)
Bottom of the 2nd over - 0 run(s), 0 hit(s), 0 error(s), 0 left on base; Lexington 2 - Detroit 2
TOP OF THE 3RD
Lexington BC batting - Pitching for Detroit Reapers : RHP Luis Ríos
Batting: RHB Júlio Gruzmán 0-0: Ball
1-0: Foul Ball, location: 2F
1-1: Called Strike
1-2: Ball
2-2: Ground out 6-3 (Groundball, 6M)
Batting: LHB Jerry Harris 0-0: Called Strike
0-1: Ball
1-1: Fly out, F7 (Flyball, 78XD)
Batting: RHB Curt Phillips 0-0: Ball
1-0: Called Strike
1-1: Ball
2-1: Ball
3-1: Foul Ball, location: 2F
3-2: Base on Balls
Batting: RHB Enrique Pérez 0-0: Swinging Strike
0-1: Ball
1-1: Ball
2-1: Ball
3-1: Foul Ball, location: 2F
3-2: DOUBLE (Groundball, 5L)
Curt Phillips to third
Curt Phillips scores
Batting: RHB Lockwood Rose 0-0: DOUBLE (Flyball, 9D)
Enrique Pérez scores
Batting: RHB Blaine Bell 0-0: Intentional Walk
Batting: RHB Tim Powell 0-0: Called Strike
0-1: Ground out 4-3 (Groundball, 4)
Top of the 3rd over - 2 run(s), 2 hit(s), 0 error(s), 2 left on base; Lexington 4 - Detroit 2
BOTTOM OF THE 3RD
Detroit Reapers batting - Pitching for Lexington BC : LHP Tim Powell
Pinch Hitting: RHB Domingo Reyes 0-0: Ball
1-0: SINGLE (Groundball, 6D)
Batting: RHB Bubba Papandreou 0-0: Ball
1-0: Ball
2-0: Swinging Strike
2-1: Foul Ball, location: 2F
2-2: Ball
3-2: Base on Balls
Domingo Reyes to second
Batting: RHB Duncan Thomas 0-0: Called Strike
0-1: Ball
1-1: Called Strike
1-2: Ball
2-2: 3-RUN HOME RUN (Flyball, 7LD), Distance : 370 ft
Pitching: RHP Tony Miller
Batting: RHB Rob House 0-0: Called Strike
0-1: Foul Ball, location: 2F
0-2: Ball
1-2: Fly out, F6 (Popup, 5D)
Batting: RHB Eduardo Alvarado 0-0: Foul Ball, location: 2F
0-1: Ball
1-1: Fly out, F8 (Flyball, 8LS)
Batting: RHB Bernalldo Bessa 0-0: Ball
1-0: Ball
2-0: Ground out 5-3 (Groundball, 5S)
Bottom of the 3rd over - 3 run(s), 2 hit(s), 0 error(s), 0 left on base; Lexington 4 - Detroit 5
TOP OF THE 4TH
Lexington BC batting - Pitching for Detroit Reapers : RHP Luis Ríos
Pitching: LHP Martin Hill
Batting: RHB Ed Anderson 0-0: Ball
1-0: Ball
2-0: Ball
3-0: Called Strike
3-1: SINGLE (Flyball, 9LM)
Batting: RHB Brian O'Brian 0-0: Ball
1-0: Called Strike
1-1: Fielders Choice at 2nd, 3-6 (Groundball, 3)
Batting: RHB Júlio Gruzmán 0-0: Ball
1-0: 2-RUN HOME RUN (Flyball, 78XD), Distance : 416 ft
Batting: LHB Jerry Harris 0-0: Foul Ball, location: 2F
0-1: Fly out, F4 (Popup, 4M)
Batting: RHB Curt Phillips 0-0: Called Strike
0-1: Called Strike
0-2: Ground out 5-3 (Groundball, 56)
Top of the 4th over - 2 run(s), 2 hit(s), 0 error(s), 0 left on base; Lexington 6 - Detroit 5
BOTTOM OF THE 4TH
Detroit Reapers batting - Pitching for Lexington BC : RHP Tony Miller
Batting: RHB Gerald Shaw 0-0: Called Strike
0-1: Foul Ball, location: 2F
0-2: Ball
1-2: Ball
2-2: DOUBLE (Line Drive, 8LD)
Batting: RHB Nick Simmons 0-0: Ball
1-0: Ball
Wild Pitch!
Gerald Shaw to third
2-0: Foul Ball, location: 2F
2-1: Ball
3-1: Fly out, F7 (Flyball, 7LS)
Batting: RHB Ilusuarte Viamonte 0-0: Ball
1-0: Called Strike
1-1: Swinging Strike
1-2: Ball
2-2: Ball
3-2: Strikes out swinging
Pinch Hitting: LHB Armando Herrera 0-0: Ball
1-0: Ball
2-0: Foul Ball, location: 2F
2-1: Ball
3-1: Foul Ball, location: 2F
3-2: Base on Balls
Batting: RHB Bubba Papandreou 0-0: Foul Ball, location: 2F
0-1: Foul Ball, location: 2F
0-2: Strikes out swinging
Bottom of the 4th over - 0 run(s), 1 hit(s), 0 error(s), 2 left on base; Lexington 6 - Detroit 5
TOP OF THE 5TH
Lexington BC batting - Pitching for Detroit Reapers : LHP Martin Hill
Pitching: LHP Francisco Carrasco
Batting: RHB Enrique Pérez 0-0: Ball
1-0: Ball
2-0: Ball
3-0: DOUBLE (Line Drive, 5D)
Batting: RHB Lockwood Rose 0-0: Called Strike
0-1: Ball
1-1: Ball
2-1: Ground out 6-3 (Groundball, 6M)
Enrique Pérez to third
Batting: RHB Blaine Bell 0-0: Ball
1-0: Ball
2-0: Ball
3-0: Called Strike
3-1: Called Strike
3-2: Ground out 6-3 (Groundball, 6M)
Enrique Pérez scores
Batting: RHB Tony Miller 0-0: Ball
1-0: Foul Ball, location: 2F
1-1: Ball
2-1: SINGLE (Groundball, 6D)
Batting: RHB Ed Anderson 0-0: Ball
1-0: Ball
2-0: Ball
3-0: Base on Balls
Tony Miller to second
Batting: RHB Brian O'Brian 0-0: Fly out, F2 (Popup, 2LF)
Top of the 5th over - 1 run(s), 2 hit(s), 0 error(s), 2 left on base; Lexington 7 - Detroit 5
BOTTOM OF THE 5TH
Detroit Reapers batting - Pitching for Lexington BC : RHP Tony Miller
Batting: RHB Duncan Thomas 0-0: Foul Ball, location: 2F
0-1: Foul Ball, location: 2F
0-2: Strikes out swinging
Batting: RHB Rob House 0-0: Ball
1-0: Ball
2-0: Reached on error, E6 (Groundball, 6)
Batting: RHB Eduardo Alvarado 0-0: Ball
1-0: Fly out, F9 (Line Drive, 9M)
Runner from 2nd tags up, SAFE at 3rd with throw
Batting: RHB Bernalldo Bessa 0-0: Called Strike
0-1: Ball
1-1: Called Strike
1-2: Fly out, F5 (Popup, 5S)
Bottom of the 5th over - 0 run(s), 0 hit(s), 1 error(s), 1 left on base; Lexington 7 - Detroit 5
TOP OF THE 6TH
Lexington BC batting - Pitching for Detroit Reapers : LHP Francisco Carrasco
Batting: RHB Júlio Gruzmán 0-0: Ball
1-0: Ball
2-0: Ball
3-0: Base on Balls
Batting: LHB Jerry Harris 0-0: Ball
1-0: SINGLE (Line Drive, 8LS)
Júlio Gruzmán to second
Pitching: RHP Tony Hernández
Batting: RHB Curt Phillips 0-0: Foul Ball, location: 2F
0-1: Foul Ball, location: 2F
0-2: Ball
1-2: 3-RUN HOME RUN (Flyball, 7D), Distance : 383 ft
Batting: RHB Enrique Pérez 0-0: Foul Ball, location: 2F
0-1: Ball
1-1: Swinging Strike
1-2: Fly out, F3 (Popup, 3SF)
Batting: RHB Lockwood Rose 0-0: Ball
1-0: Called Strike
1-1: Ball
2-1: SOLO HOME RUN (Line Drive, 78XD), Distance : 414 ft
Batting: RHB Blaine Bell 0-0: Swinging Strike
0-1: Ball
1-1: Foul Ball, location: 2F
1-2: Ground out 4-3 (Groundball, 4)
Pinch Hitting: RHB Leonardo Sánchez 0-0: Called Strike
0-1: Called Strike
0-2: Ball
1-2: Ball
2-2: Ball
3-2: Ground out 5-3 (Groundball, 5)
Top of the 6th over - 4 run(s), 3 hit(s), 0 error(s), 0 left on base; Lexington 11 - Detroit 5
BOTTOM OF THE 6TH
Detroit Reapers batting - Pitching for Lexington BC : RHP Tony Miller
Pitching: RHP Esteban Moreno
Batting: RHB Gerald Shaw 0-0: Called Strike
0-1: Ball
1-1: Ball
2-1: Ground out 5-3 (Groundball, 56S)
Batting: RHB Nick Simmons 0-0: Ball
1-0: Ball
2-0: Ball
3-0: Called Strike
3-1: Foul Ball, location: 2F
3-2: Foul Ball, location: 2F
3-2: Ground out 6-3 (Groundball, 56)
Batting: RHB Ilusuarte Viamonte 0-0: Foul Ball, location: 2F
0-1: Ball
1-1: Called Strike
1-2: Fly out, F7 (Line Drive, 7M)
Bottom of the 6th over - 0 run(s), 0 hit(s), 0 error(s), 0 left on base; Lexington 11 - Detroit 5
TOP OF THE 7TH
Lexington BC batting - Pitching for Detroit Reapers : RHP Tony Hernández
Pitching: RHP Dennis Park
Batting: RHB Ed Anderson 0-0: Called Strike
0-1: Ball
1-1: Ball
2-1: Swinging Strike
2-2: Ball
3-2: Base on Balls
Batting: RHB Brian O'Brian 0-0: Grounds into double play, 5-4-3 (Groundball, 5)
Batting: RHB Júlio Gruzmán 0-0: Fly out, F8 (Flyball, 8LM)
Top of the 7th over - 0 run(s), 0 hit(s), 0 error(s), 0 left on base; Lexington 11 - Detroit 5
BOTTOM OF THE 7TH
Detroit Reapers batting - Pitching for Lexington BC : RHP Esteban Moreno
Batting: SHB Dennis Park 0-0: Ball
1-0: Ball
2-0: Called Strike
2-1: Foul Ball, location: 2F
2-2: Ball
3-2: Foul Ball, location: 2F
3-2: Strikes out swinging
Batting: RHB Bubba Papandreou 0-0: Ball
1-0: Foul Ball, location: 2F
1-1: Ground out 5-3 (Groundball, 56S)
Batting: RHB Duncan Thomas 0-0: Ball
1-0: Ball
2-0: Ball
3-0: Base on Balls
Pitching: RHP Byron Rogers
Batting: RHB Rob House 0-0: Ball
1-0: Called Strike
1-1: SINGLE (Line Drive, 9LS)
Duncan Thomas to second
Batting: RHB Eduardo Alvarado 0-0: Ball
Wild Pitch!
Duncan Thomas to third
Rob House to second
1-0: Ball
2-0: Called Strike
2-1: Ball
Wild Pitch!
Duncan Thomas scores
Rob House to third
3-1: Called Strike
3-2: Foul Ball, location: 2F
3-2: Foul Ball, location: 2F
3-2: Foul Ball, location: 2F
3-2: Fly out, F8 (Flyball, 8LM)
Bottom of the 7th over - 1 run(s), 1 hit(s), 0 error(s), 1 left on base; Lexington 11 - Detroit 6
TOP OF THE 8TH
Lexington BC batting - Pitching for Detroit Reapers : RHP Dennis Park
Batting: LHB Jerry Harris 0-0: Called Strike
0-1: Ball
1-1: DOUBLE (Groundball, 3L)
Batting: RHB Curt Phillips 0-0: Ball
1-0: Ball
2-0: SINGLE (Line Drive, 7LS)
Jerry Harris to third
Batting: RHB Enrique Pérez 0-0: Called Strike
0-1: Ball
Curt Phillips is caught stealing 2nd base
1-1: Ball
2-1: SINGLE (Line Drive, 6MD)
Jerry Harris scores
Batting: RHB Lockwood Rose 0-0: Ball
1-0: Ball
2-0: Ball
3-0: Base on Balls
Enrique Pérez to second
Batting: RHB Blaine Bell 0-0: Ball
1-0: Called Strike
1-1: Foul Ball, location: 2F
1-2: Foul Ball, location: 2F
1-2: Ball
2-2: Strikes out swinging
Pinch Hitting: RHB Xie-li Kan 0-0: Ball
1-0: Called Strike
1-1: Ball
2-1: Foul Ball, location: 2F
2-2: Ball
3-2: Strikes out swinging
Top of the 8th over - 1 run(s), 3 hit(s), 0 error(s), 2 left on base; Lexington 12 - Detroit 6
BOTTOM OF THE 8TH
Detroit Reapers batting - Pitching for Lexington BC : RHP Byron Rogers
Pitching: RHP Myron Snow
Batting: RHB Bernalldo Bessa 0-0: SINGLE (Flyball, 7S)
Batting: RHB Gerald Shaw 0-0: Ball
1-0: Ball
2-0: Fly out, F5 (Line Drive, 5)
Batting: RHB Nick Simmons 0-0: Called Strike
0-1: Foul Ball, location: 2F
0-2: Ball
1-2: Ball
2-2: Strikes out looking
Batting: RHB Ilusuarte Viamonte 0-0: Fielders Choice at 2nd, 5-4 (Groundball, 56)
Bottom of the 8th over - 0 run(s), 1 hit(s), 0 error(s), 1 left on base; Lexington 12 - Detroit 6
TOP OF THE 9TH
Lexington BC batting - Pitching for Detroit Reapers : RHP Dennis Park
Batting: RHB Ed Anderson 0-0: Ball
1-0: Ball
2-0: Foul Ball, location: 2F
2-1: Foul Ball, location: 2F
2-2: Strikes out swinging
Batting: RHB Brian O'Brian 0-0: Called Strike
0-1: Ball
1-1: Foul Ball, location: 2F
1-2: Strikes out swinging
Batting: RHB Júlio Gruzmán 0-0: Called Strike
0-1: Ball
1-1: Foul Ball, location: 2F
1-2: Strikes out looking
Top of the 9th over - 0 run(s), 0 hit(s), 0 error(s), 0 left on base; Lexington 12 - Detroit 6
BOTTOM OF THE 9TH
Detroit Reapers batting - Pitching for Lexington BC : RHP Myron Snow
Pinch Hitting: LHB Robert Bond 0-0: Ground out 4-3 (Groundball, 4)
Batting: RHB Bubba Papandreou 0-0: Called Strike
0-1: Swinging Strike
0-2: Ball
1-2: Ball
2-2: Ball
3-2: Foul Ball, location: 2F
3-2: Foul Ball, location: 2F
3-2: Fly out, F8 (Flyball, 8LM)
Batting: RHB Duncan Thomas 0-0: Swinging Strike
0-1: DOUBLE (Line Drive, 9D)
Batting: RHB Rob House 0-0: Ball
1-0: Fly out, F8 (Flyball, 8LM)
Bottom of the 9th over - 0 run(s), 1 hit(s), 0 error(s), 1 left on base; Lexington 12 - Detroit 6
This league is powered by Out of the Park Baseball, the baseball management simulation game for PC, Mac and Linux
Thursday, April 24th, 2014 - OOTP Baseball 14.6 Build 33